 Dungeon Crawl Stone Soup version 0.32-a0-7-ge934b4519a (webtiles) character file.

Game seed: 7126015924539903727

2445 miscthings the Mimic (level 9, -12/89 HPs)
             Began as an Oni Shapeshifter on Jan 14, 2024.
             Was a Follower of Wu Jian.
             Engulfed by a cloud of flame (21 damage)
             ... in a bailey.
             The game lasted 00:11:54 (6355 turns).

miscthings the Mimic (Oni Shapeshifter)             Turns: 6355, Time: 00:11:54

Health: -12/89     AC:  1    Str: 20    XL:     9   Next: 49%
Magic:  9/9        EV: 16    Int: 11    God:    Wu Jian [*.....]
Gold:   405        SH:  0    Dex: 18    Spells: 8/8 levels left

rFire   . .          .
                       - Unarmed
rCold   . . .        (shield currently unavailable)
rNeg    . . .        a - melded +0 animal skin
rPois   +            (helmet restricted)
rElec   +            l - scarf {shadows}
rCorr   .            (gloves unavailable)
SInv    .            (boots unavailable)
Will    +....        (no amulet)
Stlth   +            f - +6 ring of dexterity
HPRegen 0.34/turn    h - ring of poison resistance
MPRegen 0.11/turn

%: no passive effects
@: flux-form, glowing
A: glow, contaminating, large, unfitting armour, horns 1, tough skin 1, double
potion healing, drunken brawling, strong-willed 1, electricity resistance
a: Begin Untransformation, Renounce Religion


You were in a bailey.
You worshipped Wu Jian.
Wu Jian was aware of your devotion.
You were something dangerously unstable.
You visited 1 branch of the dungeon, and saw 7 of its levels.
You also visited: Bailey.

You collected 405 gold pieces.

Inventory:

Hand Weapons
 t - a +3 dagger of venom
Missiles
 v - 3 javelins (quivered)
Armour
 a - a +0 animal skin (melded)
 l - a scarf of shadows (worn)
 w - a +0 hat
 z - +0 steam dragon scales
Jewellery
 f - a +6 ring of dexterity (left hand)
 h - a ring of poison resistance (right hand)
Talismans
 c - a beast talisman
 d - a flux talisman (active)
Wands
 A - a wand of digging (5)
Scrolls
 g - a scroll of butterflies
 j - a scroll of blinking {unknown}
 k - 2 scrolls of immolation
 m - a scroll of torment {unknown}
 n - a scroll of enchant weapon
 o - 2 scrolls of enchant armour {unknown}
 r - a scroll of identify {@r1}
 y - a scroll of teleportation {unknown}
Potions
 b - 4 potions of lignification
 e - 2 potions of attraction
 i - a potion of resistance
 p - a potion of invisibility
 q - a potion of heal wounds
 s - a potion of cancellation
 u - 2 potions of mutation
 x - 2 potions of curing
 B - a potion of brilliance {unknown}


   Skills:
 + Level 6.1 Fighting
 + Level 4.5 Dodging
 * Level 6.6 Unarmed Combat
 + Level 8.2 Shapeshifting


You had 8 spell levels left.
You didn't know any spells.
Your spell library contained the following spells:

 Spells                   Type           Power      Damage    Failure   Level
 Magic Dart               Conj           0%         1d3       34%         1
 Call Imp                 Summ           0%         N/A       47%         2
 Searing Ray              Conj           0%         2d4       47%         2
 Sublimation of Blood     Necr           0%         N/A       47%         2
 Fulminant Prism          Conj/Alch      0%         3d5       98%         4
 Summon Hydra             Summ           0%         N/A       100%        7


Dungeon Overview and Level Annotations

Branches:
Dungeon (7/15)             Temple (0/1) D:6          Bailey (1/1)

Altars:
Ashenzari
Dithmenos
Elyvilon
Fedhas
Hepliaklqana
Kikubaaqudgha
Nemelex Xobeh
Okawaru
Ru
Wu Jian
Xom
The Shining One

Shops:
D:2 *


Innate Abilities, Weirdness & Mutations

You are something dangerously unstable.
You glow with magical radiation, making you easy to see and hit.
Foes you strike become dangerously contaminated with magical radiation.
You are incapable of wielding weapons or throwing items.
You are too large for most types of armour.
You have a pair of small horns on your head.
You have tough skin. (AC +1)
You gain doubled healing and magic from potions.
Whenever you drink a healing potion, you attack all around you.
You are strong-willed. (Will+)
You are resistant to electric shocks. (rElec)


Message History

The world spins around you as you enter the gateway.
You enter a bailey!
The gnoll shouts! x2; The hound barks!
Found a gate leading back out of this place.
There is an empty arch of ancient stone here.
There is a gate leading back out of this place here.
Okay, then.
As you read the scroll of immolation, it crumbles to dust.
The creatures around you are filled with an inner flame!
You lunge at the hound, in a flurry of attacks.
You completely miss the hound. You hit the hound but do no damage.
The hound begins to glow.
Flame seeps out of the hound.
You headbutt the hound.
The hound is lightly wounded.
The hound is engulfed in blazing flames.
Flame seeps out of the hound.
The hound barely misses you.
The hound is engulfed in blazing flames.
The Council accepts your kill.
The hound explodes!
The tree burns like a torch!
The fiery explosion engulfs you!!!
* * * LOW HITPOINT WARNING * * *
The fiery explosion engulfs the hound!!
The Council accepts your kill.
The hound explodes!
The fiery explosion engulfs the gnoll!!
The Council accepts your kill.
The fiery explosion engulfs the gnoll!!
The Council accepts your kill.
The gnoll explodes!
The tree burns like a torch!
The gnoll explodes!
The forest fire spreads! x2
The forest fire spreads!
There is a gate leading back out of this place here.
You start resting.
The forest fire spreads!
You savour every drop.
You feel better.
You are engulfed in blazing flames.
* * * LOW HITPOINT WARNING * * *
As you read the scroll labelled JUWKACH ZENAYLIG, it crumbles to dust.
You hear the flapping of tiny wings.
It was a scroll of butterflies.
You are engulfed in blazing flames.
You die...

♣.≈..
♣..≈..
...≈..
b..≈..
♣♣♣bbb.≈..
#♣bbbbb....
#pbbb§b....
#♣bb§§b....
♣bbbbb.≈..
♣b♣♣♣..≈..
♣♣ ..≈..
..≈.. .≈..


There were no monsters in sight!

Vanquished Creatures
  Sigmund (D:3)
  A steam dragon (D:7)
  4 water moccasins
  An ice beast (D:7)
  A black bear (D:5)
  A sky beast (D:6)
  2 ogres
  2 bullfrogs
  A scorpion (D:5)
  3 wights (D:7)
  3 jellies
  4 orc priests (D:5)
  7 hounds
  Natasha (thrice) (D:3)
  2 iguanas
  An orc wizard (D:3)
  13 gnolls
  10 adders
  2 white imps
  4 ribbon worms
  2 dart slugs
  15 orcs
  8 ball pythons
  16 endoplasms
  4 giant cockroaches
  10 goblins
  6 hobgoblins
  2 jackals (D:2)
  4 quokkas
  7 bats
  4 frilled lizards
  13 kobolds
  5 rats
162 creatures vanquished.

Notes
Turn   | Place    | Note
-------+----------+-------------------------------------------
     0 | D:1      | miscthings the Oni Shapeshifter began the quest for the
                  | Orb.
     0 | D:1      | Reached XP level 1. HP: 19/19 MP: 1/1
   132 | D:1      | Reached XP level 2. HP: 25/27 MP: 2/2
   431 | D:1      | Reached XP level 3. HP: 29/33 MP: 3/3
   432 | D:1      | Reached skill level 4 in Shapeshifting
  1003 | D:2      | Reached XP level 4. HP: 33/41 MP: 4/4
  1035 | D:2      | Found Abloblex's General Store.
  1159 | D:2      | Reached skill level 5 in Shapeshifting
  1475 | D:2      | Reached XP level 5. HP: 48/48 MP: 5/5
  1820 | D:3      | Found a blossoming altar of Fedhas.
  1820 | D:3      | Found an ancient bone altar of Kikubaaqudgha.
  1826 | D:3      | Found a sacrificial altar of Ru.
  1829 | D:3      | Found a hazy altar of Hepliaklqana.
  1832 | D:3      | Found a glowing golden altar of the Shining One.
  1838 | D:3      | Found an iron altar of Okawaru.
  1905 | D:3      | Noticed Natasha
  1914 | D:3      | Killed Natasha
  2026 | D:3      | Identified the +1 chain mail of Entitlement {+Blink rF-
                  | Will+ rCorr}
  2058 | D:3      | Noticed Natasha
  2070 | D:3      | Killed Natasha
  2075 | D:3      | Reached skill level 6 in Shapeshifting
  2110 | D:3      | Found a shimmering altar of Xom.
  2110 | D:3      | Found a shadowy altar of Dithmenos.
  2110 | D:3      | Found an ornate altar of the Wu Jian Council.
  2110 | D:3      | Found a broken altar of Ashenzari.
  2110 | D:3      | Found a broken altar of Ashenzari.
  2110 | D:3      | Found a white marble altar of Elyvilon.
  2121 | D:3      | Reached XP level 6. HP: 31/55 MP: 6/6
  2236 | D:3      | Noticed Natasha
  2237 | D:3      | Noticed Sigmund
  2240 | D:3      | Killed Natasha
  2246 | D:3      | Killed Sigmund
  2247 | D:3      | Reached skill level 7 in Shapeshifting
  2247 | D:3      | Reached XP level 7. HP: 49/62 MP: 7/7
  2971 | D:5      | Entered Level 5 of the Dungeon
  3185 | D:3      | Became a worshipper of the Wu Jian Council
  3421 | D:4      | You fall into a shaft and drop 1 floor!
  3808 | D:5      | Found a sparkling altar of Nemelex Xobeh.
  3917 | D:5      | Reached XP level 8. HP: 46/75 MP: 8/8
  4169 | D:5      | Found a shimmering altar of Xom.
  4327 | D:5      | Reached skill level 5 in Unarmed Combat
  4934 | D:6      | Reached skill level 5 in Fighting
  5019 | D:6      | Found a staircase to the Ecumenical Temple.
  5440 | D:6      | Reached XP level 9. HP: 80/88 MP: 9/9
  5818 | D:7      | Reached skill level 8 in Shapeshifting
  6052 | D:7      | HP: 4/89 [gnoll/+0 halberd (6)]
  6160 | D:7      | Gained mutation: You do not regenerate when monsters are
                  | visible. [potion of mutation]
  6160 | D:7      | Lost mutation: You do not regenerate when monsters are
                  | visible. [potion of mutation]
  6160 | D:7      | Gained mutation: You are strong-willed. (Will+) [potion of
                  | mutation]
  6160 | D:7      | Gained mutation: You are resistant to electric shocks.
                  | (rElec) [potion of mutation]
  6280 | D:7      | Reached * piety under Wu Jian
  6321 | D:7      | Found a flagged portal.
  6345 | Bailey   | Entered a bailey
  6355 | Bailey   | Engulfed by a cloud of flame

Illustrated notes

Levels and vault maps discovered:
D:1:      scummos_arrival_hexagon, layout_basic, roderic_lattice_a, st_stairs_3
D:2:      layout_basic, serial_shops, shop, cheibrodos_gnoll_hut
D:3:      cheibrodos_fertilizer, layout_loops_ring,
          nicolae_overflow_hallway_of_the_gods, uniq_natasha, uniq_sigmund
D:4:      layout_loops_ring
D:5:      layout_gridville, lemuel_tele_altar, nemelex_diamond_rough_becter,
          chequers_serial_rivers_micro_a, hangedman_decor_points,
          minmay_misc_feat_more_columns
D:6:      nicolae_cairo_tiling_large_dashed, layout_layer_cave, chequers_jeans
D:7:      layout_basic, enter_bailey_7, dreamdust_gnoll_farm
Bailey:   bailey_polearm_gnolls_kennysheep, bailey

Skill      XL: |  1  2  3  4  5  6  7  8  9 |
---------------+----------------------------+-----
Shapeshifting  | 4 5 6 7 8 |  8.2
Unarmed Combat | 4 5 6 |  6.6
Dodging        | 2 3 4 |  4.5
Fighting       | 3 5 6 |  6.1

Action                     |  1- 3 |  4- 6 |  7- 9 || total
---------------------------+-------+-------+-------++-------
  Melee: Unarmed           |    87 |   109 |   295 ||   491
         Headbutt          |    13 |    17 |    66 ||    96
         Punch             |     3 |     1 |       ||     4
Ability: Lunge             |       |       |    17 ||    17
    Use: Scroll            |       |       |    16 ||    16
         Potion            |       |       |     6 ||     6
   Stab: Sleeping          |     1 |     1 |     1 ||     3
 Armour: Animal skin       |    49 |    59 |     2 ||   110
         Skin              |       |       |   145 ||   145
  Dodge: Dodged            |    25 |    46 |   171 ||   242
   Form: Flux              |       |       |     1 ||     1

Table legend: (Time is in decaauts)
 A = Elapsed time spent in this place.
 B = Non-inter-level travel time spent in this place.
 C = Inter-level travel time spent in this place.
 D = Time resting spent in this place.
 E = Time spent auto-exploring this place.
 F = Levels seen in this place.
 G = Mean time per level.
                   A        B        C        D        E       F      G
               +--------+--------+--------+--------+--------+-----+--------+
         Total |   6331 |   5910 |    421 |    503 |   3981 |   8 |  791.4 |
       Dungeon |   6321 |   5900 |    421 |    503 |   3981 |   7 |  903.0 |
        Bailey |      9 |      9 |      0 |      0 |      0 |   1 |    9.0 |
               +--------+--------+--------+--------+--------+-----+--------+

Top non-repeatable levels by time:
     D:6: 1310 daAuts
     D:3: 1043 daAuts
     D:5: 916 daAuts
     D:4: 891 daAuts
     D:2: 829 daAuts
     D:1: 805 daAuts
     D:7: 526 daAuts
  Bailey: 9 daAuts
